 Dungeon Crawl Stone Soup version 0.31.0-9-g3a7656b989 (webtiles) character file.

Game seed: 17792570846811309318

105535 Baz the Executioner (level 15, -72/143 HPs)
             Began as a Minotaur Berserker on Jan 25, 2024.
             Was the Champion of Trog.
             Killed from afar by a fire dragon (78 damage)
             ... with a blast of flame
             ... on level 15 of the Dungeon.
             The game lasted 00:34:29 (25422 turns).

Baz the Executioner (Minotaur Berserker)           Turns: 25422, Time: 00:34:31

Health: -72/143    AC: 24    Str: 31    XL:     15   Next: 95%
Magic:  14/14      EV: 15    Int:  4    God:    Trog [******]
Gold:   1924       SH:  0    Dex: 11    Spells: 14/14 levels left

rFire   x . .        A - +2 executioner's axe (flame)
rCold   + + +        (shield currently unavailable)
rNeg    . . .        r - +0 ice dragon scales
rPois   .            O - +0 hat {Stlth+}
rElec   +            S - +1 cloak of Gumeux {rElec Will++ Str+3}
rCorr   .            (no gloves)
SInv    .            M - +1 pair of boots
Will    +++..        w - amulet of faith
Stlth   +            g - ring of protection from cold
HPRegen 0.43/turn    a - +4 ring of protection
MPRegen 0.14/turn

%: faith
@: no status effects
A: horns 2, retaliatory headbutt
a: Renounce Religion, Berserk, Trog's Hand, Brothers in Arms


You were on level 15 of the Dungeon.
You worshipped Trog.
Trog was exalted by your worship.
You visited 3 branches of the dungeon, and saw 22 of its levels.
You also visited: Ice Cave.

You collected 2064 gold pieces.
You spent 140 gold pieces at shops.

Inventory:

Hand Weapons
 A - a +2 executioner's axe of flaming (weapon)
 I - a +5 battleaxe
Missiles
 m - 3 throwing nets (quivered)
Armour
 r - +0 ice dragon scales (worn)
 M - a +1 pair of boots (worn)
 O - a +0 hat of stealth (worn)
 S - the +1 cloak of Gumeux (worn) {rElec Will++ Str+3}
   (You found it on level 5 of the Lair of Beasts)

   Str+3:     It affects your strength (+3).
   rElec:     It insulates you from electricity.
   Will++:    It greatly increases your willpower.
 Y - a +0 scale mail of cold resistance
Jewellery
 a - a +4 ring of protection (right hand)
 g - a ring of protection from cold (left hand)
 h - a ring of flight
 p - a ring of fire
 s - a ring of ice
 u - a ring of protection from cold
 w - an amulet of faith (around neck)
 D - a +4 ring of protection
 N - a +6 ring of intelligence
 T - the ring "Vulural" {MP+9 Dex+4}
   (You found it on level 4 of the Lair of Beasts)

   [ring of magical power]

   Dex+4:     It affects your dexterity (+4).
   MP+9:      It affects your magic capacity (+9).
 U - an amulet of regeneration
Wands
 c - a wand of flame (6)
 v - a wand of mindburst (3)
 B - a wand of digging (7)
 C - a wand of paralysis (13)
 F - a wand of roots (17)
 R - a wand of polymorph (6)
 X - a wand of acid (10)
Scrolls
 b - 3 scrolls of blinking
 d - 6 scrolls of fear
 f - 5 scrolls of enchant weapon
 j - 5 scrolls of fog
 o - 8 scrolls of teleportation
 q - 3 scrolls of vulnerability
 y - 4 scrolls of immolation
 z - a scroll of summoning
 E - 3 scrolls of revelation
 G - 4 scrolls of noise
 H - a scroll of enchant armour
 P - a scroll of torment
 W - 3 scrolls of identify
Potions
 e - 8 potions of curing
 i - 3 potions of mutation
 k - 5 potions of haste
 l - a potion of lignification
 n - 4 potions of attraction
 t - a potion of berserk rage {unknown}
 x - 5 potions of magic
 J - 6 potions of enlightenment
 K - 2 potions of heal wounds
 L - 4 potions of might
 V - a potion of resistance
 Z - a potion of brilliance {unknown}
Miscellaneous
 Q - a sack of spiders


   Skills:
 + Level 15.9 Fighting
 * Level 21.5 Axes
 + Level 15.7 Armour
 + Level 14.5 Dodging


You had 14 spell levels left.
You didn't know any spells.
Your spell library was empty.

Dungeon Overview and Level Annotations

Branches:
Dungeon (15/15)            Temple (0/1) D:4            Lair (5/5) D:11
  Swamp (0/4) Lair:2        Snake (0/4) Lair:2        Slime (0/5) Lair:4
    Orc (2/2) D:12            Elf (0/3) Orc:2        Vaults (0/5) D:14
  IceCv (visited)
 Depths: D:15

Altars:
Ashenzari
Dithmenos
Fedhas
Kikubaaqudgha
Makhleb
Nemelex Xobeh
Okawaru
Qazlal
Ru
Sif Muna
Trog
Xom
Yredelemnul
Jiyva
Lugonu

Shops:
D:7 :   Orc:2 **(

Portals:
Abyss: Lair:5
Trove: D:11 (show slimy rune of Zot)

Annotations:
D:5 3 runed translucent doors, raetorn's ghost, novice DjFE
D:9 2 transporters, McKennaii's ghost, novice DgCj
D:12 2 transporters, Lamaleuchte's ghost, journeyman TrSh
Lair:1 3 runed translucent doors, Amplified's ghost, novice HuFi
Lair:4 exclusion: oklob plant


Innate Abilities, Weirdness & Mutations

You have a pair of horns on your head.
You reflexively headbutt those who attack you in melee.


Message History

You barely miss the fire dragon.
The fire dragon is severely wounded.
You barely miss the fire dragon. The fire dragon bites you.
The fire dragon claws you but does no damage.
The fire dragon tramples you.
You hold your ground!
The fire dragon barely misses you. You furiously retaliate!
You headbutt the fire dragon!
The fire dragon claws you but does no damage.
The fire dragon tramples you but does no damage.
You slash the fire dragon! You burn the fire dragon.
You headbutt the fire dragon.
You kill the fire dragon!
Trog accepts your kill.
You slash the fire dragon! You burn the fire dragon.
The fire dragon barely misses you. The fire dragon completely misses you.
The fire dragon barely misses you.
You hit the fire dragon but do no damage.
Your headbutt misses the fire dragon.
The fire dragon is lightly wounded.
The fire dragon bites you but does no damage.
The fire dragon claws you but does no damage.
The fire dragon tramples you.
You hold your ground!
Unknown command.
You open the fire dragon like a pillowcase!!!
You burn the fire dragon. You headbutt the fire dragon.
The fire dragon is severely wounded.
The fire dragon breathes flames at you. The blast of flame hits you!!!!
The fire burns you terribly!
Ouch! That really hurt!
* * * LOW HITPOINT WARNING * * *
You closely miss the fire dragon.
The fire dragon is severely wounded.
Unknown command.
You hit the fire dragon.
You headbutt the fire dragon, but do no damage.
The fire dragon is severely wounded.
The fire dragon breathes flames at you. The blast of flame hits you!!!!
The fire burns you terribly!
Ouch! That really hurt!
You die...

###.........#
.##.......#.###.
.##
.##.......#..#$.
.$#
....#######..#$.
.$#
...)..†......#$.
.$#
....#######.##$.
.$# ....#
#.##..#..# ..#.#
#..##D†.# ###..#
##.###@# ##..#
#..##.# #.#
#.....# .#
#..8..# #
#....## ##..##
#.## ###


You could see a fire dragon (catching breath).

Vanquished Creatures
  Rupert (Lair:3)
  Gastronok (Lair:2)
  A frost giant (IceCv)
  Josephine (D:11)
  A fire dragon (D:15)
  A great orb of eyes (D:14)
  6 hydras
  A catoblepas (D:12)
  6 boulder beetles
  12 death yaks
  7 two-headed ogres
  2 centaur warriors
  A tengu warrior (D:13)
  6 orc high priests (Orc:2)
  Urug (Orc:1)
  An occultist (D:15)
  Sonja (D:13)
  2 thrashing horrors (Lair:5)
  Amaemon (Lair:1)
  A skyshark (Lair:5)
  A deep troll (shapeshifter) (Lair:5)
  8 orc knights
  2 necromancers
  8 ugly things
  A manticore (D:14)
  3 cyclopes
  20 elephants
  5 black mambas
  An ice statue (IceCv)
  2 smoke demons (Lair:5)
  An orange demon (Lair:1)
  8 cane toads
  A large abomination (Lair:5)
  A kobold demonologist (D:12)
  An efreet (D:14)
  7 komodo dragons
  2 tengu conjurers
  7 rime drakes
  13 polar bears
  7 trolls
  A tyrant leech (Lair:2)
  2 polar bears (shapeshifter) (Lair:5)
  A wind drake (shapeshifter) (D:13)
  Grinder (D:3)
  A raiju (Lair:5)
  26 blink frogs
  4 slime creatures
  A ynoxinul (Lair:5)
  A centaur simulacrum (D:14)
  8 wraiths
  A shadow (D:11)
  A spriggan (Lair:5)
  57 yaks
  4 wyverns
  9 basilisks
  10 wargs
  15 humans (D:14)
  Eustachio (D:4)
  2 steam dragons
  11 vampire mosquitoes
  3 nagas (Lair:2)
  3 swamp worms (Lair:2)
  13 water moccasins
  28 orc warriors
  A hornet zombie (D:7)
  Duvessa (D:4)
  3 ice beasts
  8 small abominations (Lair:5)
  A sky beast (D:6)
  4 black bears
  2 ogres
  2 elephant zombies (Lair:4)
  22 wolves
  4 centaurs
  4 kobold brigands
  2 phantoms
  Blork the orc (D:4)
  19 bullfrogs
  2 scorpions
  A wyvern zombie (D:7)
  6 earth elementals (D:12)
  5 wights (D:9)
  Dowan (D:4)
  13 killer bees
  2 bombardier beetles (D:5)
  5 electric eels
  A howler monkey (D:8)
  A bullfrog zombie (D:7)
  2 basilisk zombies (Lair:4)
  19 orc priests
  2 hounds (D:5)
  Crazy Yiuf (D:3)
  4 centaur zombies (D:7)
  2 gnoll boudas
  7 jellies
  2 sleepcaps
  4 iguanas
  18 orc wizards
  6 polar bear simulacra (Lair:2)
  2 yak simulacra (Lair:2)
  A killer bee zombie (D:7)
  A wolf simulacrum (Lair:2)
  13 gnolls
  A river rat (Lair:2)
  9 adders
  14 white imps
  87 orcs
  7 bats
  9 endoplasms
  6 giant cockroaches
  10 goblins
  9 hobgoblins
  8 jackals (D:1)
  7 quokkas
  8 ball pythons
  4 frilled lizards
  12 kobolds
  9 rats
  2 river rat simulacra (Lair:2)
754 creatures vanquished.

Vanquished Creatures (collateral kills)
  Nessos (D:14)
  A two-headed ogre (D:14)
  A thrashing horror (Lair:5)
  A death yak (IceCv)
  2 ugly things (Lair:5)
  A smoke demon (Lair:5)
  A polar bear (IceCv)
  A raiju (Lair:5)
  3 small abominations (Lair:5)
  A human (D:14)
  A water moccasin (Lair:5)
14 creatures vanquished.

Vanquished Creatures (others)
  A blink frog (Lair:5)
  An orc priest (Orc:1)
  An orc (Orc:1)
3 creatures vanquished.

Grand Total: 771 creatures vanquished

Notes
Turn   | Place    | Note
-------+----------+-------------------------------------------
     0 | D:1      | Baz the Minotaur Berserker began the quest for the Orb.
     0 | D:1      | Reached XP level 1. HP: 19/19 MP: 0/0
    42 | D:1      | Reached XP level 2. HP: 25/27 MP: 1/1
   231 | D:1      | Reached skill level 4 in Axes
   596 | D:2      | Reached XP level 3. HP: 30/33 MP: 2/2
   633 | D:2      | Reached ** piety under Trog
   850 | D:2      | Reached XP level 4. HP: 39/40 MP: 3/3
  1375 | D:3      | Reached skill level 5 in Axes
  1403 | D:3      | Noticed Grinder
  1457 | D:3      | Found a shimmering altar of Xom.
  1678 | D:3      | Killed Grinder
  1679 | D:3      | Reached skill level 5 in Fighting
  1679 | D:3      | Reached XP level 5. HP: 41/48 MP: 4/4
  1679 | D:3      | Reached XP level 6. HP: 48/56 MP: 5/5
  1776 | D:3      | Found a broken altar of Ashenzari.
  1778 | D:3      | Reached skill level 6 in Axes
  2302 | D:3      | Found a runed translucent door.
  2303 | D:3      | Noticed Crazy Yiuf
  2310 | D:3      | Killed Crazy Yiuf
  2596 | D:4      | Noticed Eustachio
  2610 | D:4      | Killed Eustachio
  2611 | D:4      | Reached XP level 7. HP: 40/61 MP: 6/6
  2678 | D:4      | Noticed Duvessa
  2678 | D:4      | Noticed Dowan
  2691 | D:4      | Killed Duvessa
  2697 | D:4      | Killed Dowan
  3006 | D:4      | Reached skill level 7 in Axes
  3006 | D:4      | Reached skill level 5 in Armour
  3052 | D:4      | Found a sacrificial altar of Ru.
  3065 | D:4      | Reached *** piety under Trog
  3313 | D:4      | Found a staircase to the Ecumenical Temple.
  3313 | D:4      | Noticed Blork the orc
  3322 | D:4      | Killed Blork the orc
  3559 | D:4      | Found a bloodstained altar of Trog.
  3698 | D:5      | Entered Level 5 of the Dungeon
  3821 | D:5      | Noticed raetorn's ghost (novice DjFE)
  3847 | D:5      | Reached skill level 5 in Dodging
  3847 | D:5      | Reached XP level 8. HP: 59/70 MP: 7/7
  3988 | D:5      | Reached skill level 8 in Axes
  4202 | D:5      | Found a runed translucent gate.
  4203 | D:5      | Found a runed translucent gate.
  4204 | D:5      | Found a runed translucent gate.
  4588 | D:6      | Reached skill level 9 in Axes
  4915 | D:6      | Reached XP level 9. HP: 69/79 MP: 8/8
  4915 | D:6      | Reached **** piety under Trog
  4931 | D:6      | Found the +1 Delatra's gloves {ID++}
  5399 | D:7      | Identified the +10 plate armour "Xeaxt" {Regen+ rCorr
                  | Int+3}
  5426 | D:7      | Reached skill level 10 in Axes
  5719 | D:7      | Found Vitug's Vocational Training.
  6282 | D:7      | Found a basalt altar of Yredelemnul.
  6300 | D:7      | Reached skill level 11 in Axes
  6378 | D:7      | Found a stormy altar of Qazlal.
  6992 | D:8      | Reached XP level 10. HP: 90/90 MP: 9/9
  7096 | D:8      | Found a sacrificial altar of Ru.
  7096 | D:8      | Found an ancient bone altar of Kikubaaqudgha.
  7096 | D:8      | Found a blossoming altar of Fedhas.
  7096 | D:8      | Found a basalt altar of Yredelemnul.
  7096 | D:8      | Found a shimmering blue altar of Sif Muna.
  7096 | D:8      | Found a shadowy altar of Dithmenos.
  7810 | D:9      | Noticed a two-headed ogre
  7820 | D:9      | Killed a two-headed ogre
  7821 | D:9      | Reached skill level 12 in Axes
  8022 | D:9      | Noticed a deep elf pyromancer
  8023 | D:9      | Noticed McKennaii's ghost (novice DgCj)
  8056 | D:9      | Found a transporter.
  8117 | D:9      | Found a sparkling altar of Nemelex Xobeh.
  8195 | D:9      | Found a transporter.
  8258 | D:9      | Reached ***** piety under Trog
  8454 | D:9      | Found a shimmering blue altar of Sif Muna.
  8754 | D:10     | Entered Level 10 of the Dungeon
  8829 | D:10     | Reached skill level 13 in Axes
  8840 | D:10     | Reached XP level 11. HP: 51/99 MP: 10/10
  9100 | D:10     | Noticed a boulder beetle
  9114 | D:10     | Killed a boulder beetle
  9115 | D:10     | Reached skill level 10 in Fighting
  9425 | D:10     | Found a shadowy altar of Dithmenos.
  9539 | D:10     | Found a burning altar of Makhleb.
  9539 | D:10     | Noticed a green death
  9775 | D:11     | Found a staircase to the Lair.
  9786 | D:11     | Reached skill level 10 in Armour
  9877 | D:11     | Received a gift from Trog
  9977 | D:11     | Reached skill level 14 in Axes
 10318 | D:11     | Identified the +1 ring mail "Ruargh" {*Slow rN+ Regen+
                  | rCorr}
 10385 | D:11     | Found a portal to a secret trove of treasure.
 10641 | D:12     | Noticed a sixfirhy
 10696 | D:12     | Noticed Josephine
 10697 | D:12     | Noticed a boulder beetle
 10724 | D:11     | Killed Josephine
 10971 | Lair:1   | Entered Level 1 of the Lair of Beasts
 11295 | Lair:1   | Found a runed translucent gate.
 11302 | Lair:1   | Found a runed translucent gate.
 11302 | Lair:1   | Found a runed translucent gate.
 11320 | Lair:1   | Reached skill level 15 in Axes
 11534 | Lair:1   | Noticed an ice dragon
 11546 | Lair:1   | Noticed Amplified's ghost (novice HuFi)
 11585 | Lair:1   | Reached skill level 10 in Dodging
 11588 | Lair:1   | Reached XP level 12. HP: 110/110 MP: 11/11
 11605 | Lair:1   | Noticed a boulder beetle
 11621 | Lair:1   | Killed a boulder beetle
 11854 | Lair:1   | Noticed Amaemon
 11871 | Lair:1   | Killed Amaemon
 12432 | Lair:1   | Found a blossoming altar of Fedhas.
 12988 | Lair:2   | Noticed a four-headed hydra
 13006 | Lair:2   | Killed a one-headed hydra
 13007 | Lair:2   | Reached skill level 16 in Axes
 13590 | Lair:2   | Found a staircase to the Swamp.
 13591 | Lair:2   | Noticed a four-headed hydra
 13591 | Lair:2   | Noticed a four-headed hydra
 13597 | Lair:2   | Killed a one-headed hydra
 13597 | Lair:2   | Received a gift from Trog
 13600 | Lair:2   | Killed a one-headed hydra
 13852 | Lair:2   | Found a staircase to the Snake Pit.
 14207 | Lair:2   | Noticed Gastronok
 14249 | Lair:2   | Killed Gastronok
 14250 | Lair:2   | Reached XP level 13. HP: 112/119 MP: 12/12
 14442 | Lair:2   | Reached skill level 17 in Axes
 15445 | Lair:3   | You fall into a shaft and drop 2 floors!
 15445 | Lair:5   | Entered Level 5 of the Lair of Beasts
 15491 | Lair:5   | Found a corrupted altar of Lugonu.
 15491 | Lair:5   | Found a one-way gate to the infinite horrors of the Abyss.
 15608 | Lair:5   | Received a gift from Trog
 15736 | Lair:5   | Identified the +1 cloak of Gumeux {rElec Will++ Str+3}
 15779 | Lair:5   | Reached skill level 18 in Axes
 15867 | Lair:5   | Found an iron altar of Okawaru.
 16092 | Lair:5   | HP: 3/122 [smoke demon/ball of steam (12)]
 16566 | Lair:5   | Reached XP level 14. HP: 106/130 MP: 13/13
 17276 | Lair:4   | Received a gift from Trog
 17435 | Lair:4   | Reached skill level 19 in Axes
 17833 | Lair:4   | Identified the ring "Vulural" {MP+9 Dex+4}
 18307 | Lair:4   | Found a staircase to the Slime Pits.
 18504 | Lair:4   | Found a viscous altar of Jiyva.
 19252 | Lair:3   | Noticed Rupert
 19263 | Lair:3   | Killed Rupert
 19799 | D:12     | Found a staircase to the Orcish Mines.
 19908 | Orc:1    | Entered Level 1 of the Orcish Mines
 19908 | Orc:1    | Noticed Urug
 19909 | Orc:1    | Found a frozen archway.
 19915 | Orc:1    | Received a gift from Trog
 19936 | Orc:1    | Killed Urug
 19989 | IceCv    | Entered an ice cave
 20384 | IceCv    | Reached skill level 20 in Axes
 20591 | IceCv    | Received a gift from Trog
 20799 | IceCv    | Noticed a frost giant
 20816 | IceCv    | Reached XP level 15. HP: 130/139 MP: 14/14
 20825 | IceCv    | Killed a frost giant
 21047 | Orc:1    | Reached skill level 15 in Fighting
 21435 | Orc:2    | Entered Level 2 of the Orcish Mines
 21749 | Orc:2    | Found a staircase to the Elven Halls.
 21771 | Orc:2    | Reached skill level 15 in Armour
 21955 | Orc:2    | Reached ****** piety under Trog
 21978 | Orc:2    | Found Qoselov's Weapon Shop.
 21991 | Orc:2    | Received a gift from Trog
 22373 | Orc:2    | Found Onustat's Assorted Antiques.
 22497 | Orc:2    | Bought a scroll of identify for 64 gold pieces
 22505 | Orc:2    | Found Niutadi's Assorted Antiques.
 22620 | Orc:2    | Bought a scroll of identify for 38 gold pieces
 22620 | Orc:2    | Bought a scroll of identify for 38 gold pieces
 22829 | D:12     | Found a transporter.
 22830 | D:12     | Noticed Lamaleuchte's ghost (journeyman TrSh)
 22834 | D:12     | Identified the +1 great mace of Iburop {antimagic, rElec
                  | rF+++ Int-2 Stlth+}
 22838 | D:12     | Found a transporter.
 23446 | D:13     | Reached skill level 21 in Axes
 24117 | D:13     | Noticed Sonja
 24130 | D:13     | Killed Sonja
 24498 | D:14     | Noticed Nessos
 24498 | D:14     | Found a gate to the Vaults.
 24509 | D:14     | Received a gift from Trog
 24525 | D:14     | Killed Nessos
 25315 | D:14     | Found a shadowy altar of Dithmenos.
 25322 | D:14     | You fall into a shaft and drop 1 floor!
 25322 | D:15     | Entered Level 15 of the Dungeon
 25420 | D:15     | HP: 6/143 [fire dragon/blast of flame (91)]
 25422 | D:15     | Killed from afar by a fire dragon

Illustrated notes

Levels and vault maps discovered:
D:1:      dpeg_arrival_solitude, layout_loops_cross
D:2:      minmay_recursive_quarters, layout_rooms, serial_bayou_pond_b,
          chequers_serial_rivers_micro_e
D:3:      layout_basic, xom_teletrap_fun, mainiacjoe_overflow_alcove_4,
          nicolae_eternal_life, minmay_unequal, uniq_crazy_yiuf_cottage,
          uniq_grinder
D:4:      layout_loops_corners, nicolae_ru_great_annihilating_truth,
          lemuel_crystal_altar, minmay_temple_entry_fiery, uniq_duvessa,
          uniq_eustachio, uniq_blork_the_orc
D:5:      layout_cave_pools, gammafunk_ghost_split, minmay_curled_crystal,
          serial_library_hellmonk_small_corner
D:6:      layout_cave_pools, pf_guarded_unrand_delatra
D:7:      layout_basic, nicolae_qazlal_eye_of_the_storm,
          nicolae_yredelemnul_corpse_copse, solitary_fountain,
          nicolae_shop_vocational
D:8:      cheibrodos_fertilizer, layout_basic, kennysheep_cluttered_room,
          minmay_crystal_water, small_statue_intersection
D:9:      layout_stronghold, nemelex_altar_shiori,
          lemuel_coloured_pillars_altar, gammafunk_ghost_arena
D:10:     layout_long_grid, makhleb_altar_promises_db, lemuel_doored_altar,
          kennysheep_generic_room_2
D:11:     layout_long_grid, due_lair_maze_entry_diamond,
          nicolae_trove_entry_columns
D:12:     layout_rooms, david_orc_5, gammafunk_ghost_smash, minmay_statues_item,
          hangedman_cracks_in_the_wall, uniq_josephine
D:13:     layout_basic, serial_aquarium, aquarium_bridge_long_joined
          [aquarium_subvault_window, aquarium_subvault_wall,
          aquarium_subvault_bridge, aquarium_subvault_bridge,
          aquarium_subvault_bridge, aquarium_subvault_window],
          aquarium_window_3, aquarium_window_fake, aquarium_window_2,
          aquarium_view_2d, aquarium_pool_side, minmay_misc_feat_nine_boxes,
          uniq_sonja
D:14:     layout_basic, david_vaults_3, chequers_serial_rivers_small_a,
          nicolae_dithmenos_the_darkroom
D:15:     grunt_enter_depths_hoard, layout_rooms, nicolae_elyvilon_temple_path,
          kennysheep_crisscross, minmay_misc_feat_square
Lair:1:   layout_loops_ring, gammafunk_ghost_icy, tgw_fedhas,
          infiniplex_staircase_pool_2, grunt_megastairs_3, uniq_amaemon
Lair:2:   layout_regular_city, palyth_hydra_swamp_entry,
          nicolae_snake_entry_squirm, eino_house_with_fridge,
          grunt_megastairs_2, serial_bayou_shore_b, uniq_gastronok
Lair:3:   layout_gridlike, uniq_rupert
Lair:4:   pond_and_an_island_with_a_cottage, layout_loops_ring,
          minmay_slime_entry_oklob_open, serial_bayou, serial_bayou_ford_a,
          serial_bayou_shore_a, serial_bayou_lagoon_a, serial_bayou_pond_d,
          serial_bayou_pond_c, serial_bayou_pond_e, lemuel_fruit_tree
Lair:5:   hellmonk_lair_end_abyssal_woods, layout_loops_ring, basic_altar,
          grunt_megastairs_5
Orc:1:    layout_caves, portal_ice_cave_entry_imps, uniq_urug
Orc:2:    st_orc_town, layout_diamond_mine, special_room, gauntlet_entry_generic

Skill      XL: |  1  2  3  4  5  6  7  8  9 10 11 12 13 14 15 |
---------------+----------------------------------------------+-----
Axes           | 4 5 6 7 9 11 13 15 16 18 20 21 | 21.5
Fighting       | 4 5 6 7 8 9 11 12 13 14 15 | 15.9
Armour         | 3 4 5 6 8 9 10 12 13 14 15 | 15.7
Dodging        | 3 4 5 6 7 8 10 11 12 13 14 | 14.5

Action                     |  1- 3 |  4- 6 |  7- 9 | 10-12 | 13-15 || total
---------------------------+-------+-------+-------+-------+-------++-------
  Melee: Hand axe          |    67 |    51 |       |       |       ||   118
         Headbutt          |     9 |    13 |    64 |    85 |   197 ||   368
         Punch             |     1 |       |     6 |     2 |       ||     9
         War axe           |       |    33 |   314 |    88 |     8 ||   443
         Battleaxe         |       |       |       |   352 |   585 ||   937
         Executioner's axe |       |       |       |       |   268 ||   268
 Invoke: Berserk           |     2 |     3 |     6 |     9 |     4 ||    24
         Trog's Hand       |       |     1 |     1 |     2 |     8 ||    12
         Brothers in Arms  |       |       |       |       |     3 ||     3
    Use: Potion            |       |       |     1 |       |     2 ||     3
         Scroll            |       |       |       |    10 |    12 ||    22
   Stab: Distracted        |       |       |       |       |     2 ||     2
 Armour: Animal skin       |    54 |    20 |       |       |       ||    74
         Ring mail         |       |    31 |       |       |       ||    31
         Scale mail        |       |    14 |   309 |   437 |   482 ||  1242
         Ice dragon scales |       |       |       |       |   269 ||   269
  Dodge: Dodged            |    73 |    40 |   215 |   300 |   600 ||  1228
